[Event "*** Titled Tuesday Blitz"]
[Site "Chess.com"]
[Date "2018.05.01"]
[Round "4"]
[White "GMMatamoros"]
[Black "Alexander_Donchenko"]
[Result "0-1"]
[WhiteElo "2507"]
[BlackElo "2673"]
[TimeControl "180+2"]
[EndTime "13:51:58 PDT"]
[Termination "Alexander_Donchenko won by resignation"]

1. Nf3 Nf6 2. c4 e6 3. g3 a6 4. Bg2 b5 5. b3 c5 6. Nc3 Qb6 7. O-O Bb7 8. Re1 Nc6 9. e4 d6 10. Nd5 exd5 11. exd5+ Ne5 12. d4 cxd4 13. Nxd4 O-O-O 14. cxb5 Bxd5 15. Bxd5 Nxd5 16. Nc6 Nc3 17. Qh5 axb5 18. Nxd8 g6 19. Qh3+ Kxd8 20. Bg5+ Be7 21. Bxe7+ Kxe7 22. Qg2 Rc8 23. a4 b4 24. a5 Qa6 25. Kh1 Kf8 26. f4 Nd3 27. Re3 Nc5 28. Rae1 Qxa5 29. f5 gxf5 30. Qh3 Ne6 31. Qxh7 Qd5+ 32.
Kg1 Qd4 33. Qxf5 Nd5 34. Kg2 Nxe3+ 35. Rxe3 Qxe3 0-1

[Event "*** Titled Tuesday Blitz"]
[Site "Chess.com"]
[Date "2018.05.01"]
[Round "4"]
[White "AlexanderL"]
[Black "Zenzo"]
[Result "1-0"]
[WhiteElo "2587"]
[BlackElo "2389"]
[TimeControl "180+2"]
[EndTime "13:51:58 PDT"]
[Termination "AlexanderL won by checkmate"]

1. Nf3 Nf6 2. c4 e6 3. Nc3 d5 4. e3 Be7 5. b3 O-O 6. Bb2 b6 7.
cxd5 exd5 8. d4 Bf5 9. Bd3 Bxd3 10. Qxd3 Nbd7 11. O-O c6 12. Rac1 Rc8 13. Rfd1 b5 14. Qf5 g6 15. Qh3 Re8 16. Ne5 Bd6 17. Nxd7 Qxd7 18.
Qxd7 Nxd7 19. Rc2 Bb4 20. Ne2 Re6 21. Nf4 Rd6 22. Rdc1 Nb8 23. Nd3 Ba5 24. Ba3 Rf6 25. Be7 Re6 26. Bh4 f6 27. Nc5 Re7 28. Bxf6 Rf7 29.
Be5 Bb6 30. Bxb8 Bxc5 31. Rxc5 Rxb8 32. Rxc6 a5 33. Rc8+ Rxc8 34. Rxc8+ Kg7 35. Rc5 Rb7 36. Rxd5 a4 37. g3 axb3 38. axb3 Kf6 39. Rc5 g5 40. g4 h6 41. b4 Kg7 42. Kg2 Rb6 43. Kg3 Kg6 44. h4 gxh4+ 45. Kxh4 Rb7 46. Kg3 Rb8 47. f4 Kg7 48. Kf3 Kg6 49. Rc6+ Kg7 50. f5 Ra8 51. Rg6+ Kh7 52. Rb6 Ra1 53. Rb7+ Kh8 54. Rxb5 Rf1+ 55. Ke4 Kg7 56. Rb6 h5 57. gxh5 Rh1 58. h6+ Kh7 59. b5 Rc1 60. Rc6 Rb1 61. b6 Rb5 62. d5 Kh8 63. Ke5 Kg8 64. e4 Kf7 65. Rc7+ Kg8 66. b7 Kh8 67. f6 Kg8 68. Kf5 Rb1 69.
b8=Q+ Rxb8 70. Kg6 Rb1 71. Rc8# 1-0

[Event "*** Titled Tuesday Blitz"]
[Site "Chess.com"]
[Date "2018.05.01"]
[Round "4"]
[White "Synctel"]
[Black "Alohamora11"]
[Result "0-1"]
[WhiteElo "1903"]
[BlackElo "2115"]
[TimeControl "180+2"]
[EndTime "13:51:58 PDT"]
[Termination "Alohamora11 won by resignation"]

1. e4 c5 2. Nc3 g6 3. f4 Bg7 4. Nf3 e6 5. Nb5 d6 6. e5 dxe5 7. fxe5 Bf8 8. d4 a6 9. Nc3 cxd4 10. Qxd4 Qxd4 11. Nxd4 Bg7 12. Bf4 Ne7 13. O-O-O Nbc6 14. Nf3 O-O 15. Bc4 b5 16. Bb3 h6 17. h3 g5 18.
Bh2 Ng6 19. Rhe1 Rd8 20. Rxd8+ Nxd8 21. Ne4 Nc6 22. Nd6 Bd7 23. c4 bxc4 24. Bxc4 Na5 25. Bd3 Ne7 26. Nd4 Nd5 27. Be4 Nc6 28. Nxc6 Bxc6 29.
Rf1 Ra7 30. a3 Rc7 31. Kb1 Ne3 32. Bxc6 Nxf1 33. Bb7 Nxh2 0-1

[Event "*** Titled Tuesday Blitz"]
[Site "Chess.com"]
[Date "2018.05.01"]
[Round "4"]
[White "dolynachess"]
[Black "rasmussvane"]
[Result "1/2-1/2"]
[WhiteElo "2372"]
[BlackElo "2596"]
[TimeControl "180+2"]
[EndTime "13:52:02 PDT"]
[Termination "Game drawn by repetition"]

1. d4 d5 2. c4 c6 3. Nc3 Nf6 4.
Nf3 dxc4 5. a4 e6 6. g3 c5 7. e4 cxd4 8. Qxd4 Qxd4 9. Nxd4 Bc5 10. Ndb5 Kd8 11. Bf4 a6 12. O-O-O+ Bd7 13. Nc7 Ra7 14. Nxe6+ fxe6 15. Bxb8 Ra8 16. Bf4 Ng4 17. Bxc4 Ke8 18. Bd6 Nxf2 19. Bxc5 Nxd1 20. Rxd1 Rc8 21. b4 a5 22. Nb5 Bxb5 23. Bxb5+ Kf7 24. Rd7+ Kg6 25. Kb2 b6 26. Bd4 axb4 27. Rxg7+ Kh6 28. Re7 Rhd8 29. Rxe6+ Kg5 30. Bxb6 Rd1 31. a5 Rc3 32. Rc6 Rd2+ 33. Kb1 Rd1+ 34. Kb2 Rd2+ 35. Kb1 Rd1+ 36. Ka2 Rd2+ 37.
Kb1 Rd1+ 38. Kb2 Rd2+ 39. Kb1 Rd1+ 40. Ka2 Rd2+ 41. Kb1 1/2-1/2

[Event "*** Titled Tuesday Blitz"]
[Site "Chess.com"]
[Date "2018.05.01"]
[Round "4"]
[White "NormWeinstein"]
[Black "Yurovskykh_Oleksandr"]
[Result "1-0"]
[WhiteElo "2299"]
[BlackElo "2344"]
[TimeControl "180+2"]
[EndTime "13:52:09 PDT"]
[Termination "NormWeinstein won by resignation"]

1. e4 d5 2. exd5 Qxd5 3. Nf3 Bg4 4. Be2 Nc6 5. d3 e6 6. Nbd2 O-O-O 7. Nc4 Nge7 8. Ne3 Qh5 9. Nxg4 Qxg4 10. O-O Qb4 11. c3 Qd6 12. Ng5 Ne5 13. d4 h6 14. dxe5 Qxd1 15. Rxd1 Rxd1+ 16. Bxd1 hxg5 17. Bxg5 Nc6 18. Bf4 Bc5 19. Bf3 Ne7 20. h3 Ng6 21. Bg3 Rd8 22.
Rd1 Rxd1+ 23. Bxd1 a5 24. Bh5 Kd7 25. Bxg6 fxg6 26.
Kf1 Kc6 27. Ke2 Kd5 28. Kd3 b5 29. b3 Ba3 30. Bf4 Be7 31. c4+ bxc4+ 32. bxc4+ Kc5 33. Kc3 a4 34. Be3+ Kc6 35. Kd3 Bb4 36. Ke4 Be7 37. g3 Kd7 38. Kd3 Kc6 39. Kc3 Bf8 40. Bg5 Bc5 41. f4 Bf2 42. g4 Be1+ 43. Kd3 Bb4 44. Ke4 Bc3 45. Be7 Kd7 46. Bf8 g5 47. f5 Ke8 48.
Bxg7 Kf7 49. Bf6 Bd2 50. Bd8 c6 51. h4 gxh4 52. Bxh4 Bc1 53. g5 1-0

[Event "*** Titled Tuesday Blitz"]
[Site "Chess.com"]
[Date "2018.05.01"]
[Round "4"]
[White "Fy_Rakotomaharo"]
[Black "Keranke"]
[Result "0-1"]
[WhiteElo "2499"]
[BlackElo "2680"]
[TimeControl "180+2"]
[EndTime "13:52:11 PDT"]
[Termination "Keranke won on time"]

1. e4 g6 2. d4 Bg7 3. Nc3 d6 4. Be3 a6 5. a4 b6 6. Bd3 Bb7 7. Nf3 Nd7 8. O-O c5 9. Re1 cxd4 10. Nxd4 Ngf6 11. f3 O-O 12. Qd2 Qc7 13. Rad1 Ne5 14.
Kh1 Nc4 15. Bxc4 Qxc4 16. Bh6 Rfc8 17. Bxg7 Kxg7 18. Qg5 Qc5 19. e5 Ng8 20. Nb3 Qb4 21.
exd6 exd6 22. Rd4 Rc4 23. Red1 Re8 24. h3 d5 25. Qd2 Rxd4 26. Qxd4+ Qxd4 27. Rxd4 Nf6 28. Rb4 Re6 29. Nd4 Rd6 30. Nd1 a5 31. Rb3 h5 32. h4 Ba6 33. Ne3 Kf8 34. Rc3 Nd7 35.
Rc7 Nc5 36. b3 Ke8 37. Ra7 Bb7 38. Kg1 Kd8 39. c3 Kc8 40. b4 Na6 0-1

[Event "*** Titled Tuesday Blitz"]
[Site "Chess.com"]
[Date "2018.05.01"]
[Round "4"]
[White "pulvettd"]
[Black "Bad4life"]
[Result "1-0"]
[WhiteElo "2392"]
[BlackElo "2368"]
[TimeControl "180+2"]
[EndTime "13:52:12 PDT"]
[Termination "pulvettd won by checkmate"]

1. e4 d6 2. d4 Nf6 3. Nc3 g6 4. f3 Bg7 5. Be3 a6 6. Qd2 b5 7. a3 Nbd7 8. O-O-O Bb7 9. g4 c5 10. g5 Nh5 11. dxc5 Nxc5 12. Nge2 Qa5 13. Bxc5 O-O 14.
Bd4 e5 15. Be3 b4 16. Na2 Rfc8 17. Qxd6 Bf8 18. Bb6 Qa4 19. Qd2 bxa3 20. Nec3 axb2+ 21. Kb1 Qa3 22. Nd5 Rc6 23. Qd3 Qa4 24. Qb3 Qxb3 25. cxb3 Rac8 26. Bc4 Nf4 27. Nxf4 Rxb6 28. Nd5 Bxd5 29.
Rxd5 h6 30. h4 h5 31. Rhd1 Kg7 32. Rd7 Bc5 33. Rxf7+ Kh8 34. Rdd7 Bf8 35. Rh7# 1-0

[Event "*** Titled Tuesday Blitz"]
[Site "Chess.com"]
[Date "2018.05.01"]
[Round "4"]
[White "Koksik_13"]
[Black "Hanging_pointer"]
[Result "1-0"]
[WhiteElo "2504"]
[BlackElo "2336"]
[TimeControl "180+2"]
[EndTime "13:52:17 PDT"]
[Termination "Koksik_13 won by resignation"]

1. g4 d5 2. Bg2 c6 3. c4 Bxg4 4. cxd5 cxd5 5. Qb3 Nf6 6. Qxb7 Qc8 7. Qxc8+ Bxc8 8.
Nc3 Be6 9. Nf3 Bd7 10. Ne5 e6 11. e4 dxe4 12. Nxe4 Nd5 13. O-O Nc6 14. Nxd7 Kxd7 15.
Nc3 Nf4 16. Bh1 Rb8 17. d4 Bd6 18. d5 exd5 19. Nxd5 Ne2+ 20. Kg2 Nxc1 21. Raxc1 Rxb2 22. Kh3 Rxa2 23. Rxc6 Kxc6 24. Nb4+ Kd7 25. Nxa2 Rb8 26.
Rd1 Rb3+ 27. Kg2 Ke6 28. Kg1 Rh3 29. Bg2 Bxh2+ 30. Kf1 Ra3 31. Nb4 h5 32. Nc2 Ra5 33. Nd4+ Kf6 34. Bf3 Rc5 35. Kg2 Be5 36. Nc6 a5 37.
Rd7 Bc3 38. Nd8 g6 39. Rxf7+ Ke5 40. Nc6+ Kd6 41. Rf8 a4 42. Ra8 Rc4 43. Ra6 Kd7 44.
Bd5 Rf4 45. Kg3 g5 46. f3 h4+ 47. Kg2 g4 48. fxg4 Rxg4+ 49. Kh3 Rf4 50. Kg2 Bb2 51. Na5 Rg4+ 52. Kh3 Rd4 53. Bc6+ Kc7 54. Bb5 Rb4 55. Rc6+ Kd7 56. Rc5+ Ke7 57. Rh5 Bf6 58. Nc6+ 1-0

[Event "*** Titled Tuesday Blitz"]
[Site "Chess.com"]
[Date "2018.05.01"]
[Round "4"]
[White "Alzhur"]
[Black "Ginger_GM"]
[Result "0-1"]
[WhiteElo "2485"]
[BlackElo "2482"]
[TimeControl "180+2"]
[EndTime "13:52:18 PDT"]
[Termination "Ginger_GM won on time"]

1. e4 c5 2. c3 d5 3. exd5 Nf6 4. Bb5+ Nbd7 5. d4 cxd4 6. Qxd4 a6 7. Ba4 b5 8. Bb3 e5 9. dxe6 fxe6 10. Nf3 Bc5 11. Qh4 Qb6 12. O-O Bb7 13. Ng5 O-O-O 14. Nxe6 Rde8 15. Nxc5 Nxc5 16. Be3 Qc6 17. Qh3+ Kb8 18.
Nd2 Ka8 19. Bxc5 Qxc5 20. Rae1 g5 21. Re6 Rxe6 22. Qxe6 Rf8 23. h3 h5 24. Qe3 Qc6 25.
Qg3 g4 26. h4 Rd8 27. Re1 Rd3 28. f3 Rxd2 29. Re6 Qc5+ 30. Kh2 gxf3 31. Re5 Qc8 32. Qf4 Rxg2+ 33. Kh1 Qh3+ 0-1

[Event "*** Titled Tuesday Blitz"]
[Site "Chess.com"]
[Date "2018.05.01"]
[Round "4"]
[White "Msb2"]
[Black "swayamsm"]
[Result "0-1"]
[WhiteElo "2709"]
[BlackElo "2546"]
[TimeControl "180+2"]
[EndTime "13:52:23 PDT"]
[Termination "swayamsm won by checkmate"]

1. d4 Nf6 2. c4 e6 3. g3 c5 4.
d5 exd5 5. cxd5 d6 6. Nc3 g6 7. Bg2 Bg7 8. Nf3 O-O 9. O-O Re8 10. a4 Ne4 11. Nxe4 Rxe4 12. Nd2 Rb4 13. Ra2 Na6 14. b3 Bg4 15. Nc4 Qe7 16. Ba3 Re8 17. f3 Bd7 18.
e4 h5 19. h4 g5 20. hxg5 Qxg5 21. Kh2 h4 22. g4 Qf4+ 23. Kh1 Rxc4 24. bxc4 Be5 25.
Kg1 Qh2+ 26. Kf2 Bd4+ 27. Ke1 Qg3+ 28. Rff2 h3 29. Bf1 h2 30. Bg2 Bxf2+ 31. Rxf2 Qxg2 32. Rxg2 h1=Q+ 33. Kf2 Qxd1 34. Bb2 Nb4 35. Kg3 Qe1+ 36.
Kh3 Nd3 37. Bf6 Nf4+ 38. Kh2 Nxg2 39. Kxg2 Bxg4 40. e5 Qe2+ 41. Kg3 Qxf3+ 42. Kh4 Rxe5 43.
Bxe5 dxe5 44. Kg5 Bf5 45. Kh6 Qg4 46. d6 Qg6# 0-1

[Event "*** Titled Tuesday Blitz"]
[Site "Chess.com"]
[Date "2018.05.01"]
[Round "4"]
[White "nihalsarin"]
[Black "TigranLPetrosyan"]
[Result "0-1"]
[WhiteElo "2752"]
[BlackElo "2682"]
[TimeControl "180+2"]
[EndTime "13:52:27 PDT"]
[Termination "TigranLPetrosyan won by resignation"]

1. d4 d5 2. Nf3 c6 3. Bf4 Qb6 4. Qc1 Bf5 5. e3 e6 6. Be2 Nd7 7. O-O Ngf6 8. c4 Be7 9. h3 O-O 10. c5 Qd8 11. b4 a6 12. a4 Ne4 13. Nc3 Bf6 14. Rd1 Re8 15. Nxe4 Bxe4 16. Nd2 Bg6 17. Nf3 Be4 18. Nd2 Bg6 19. Nf3 Bh5 20. g4 Bg6 21. Qc3 Be4 22. Nd2 e5 23. Nxe4 exf4 24. Nd6 fxe3 25.
Nxe8 exf2+ 26. Kxf2 Qxe8 27. Bf3 Nf8 28. Ra2 Ne6 29.
Re2 Qd7 30. b5 axb5 31. axb5 g6 32. Bg2 Kg7 33. Kg1 Ra4 34. Red2 Qc7 35. b6 Qf4 36. Rf2 Bxd4 37. Rxd4 Qxd4 38. Qf3 Ra1+ 39. Bf1 Ng5 40. Qg2 Ne4 0-1

[Event "*** Titled Tuesday Blitz"]
[Site "Chess.com"]
[Date "2018.05.01"]
[Round "4"]
[White "colegiodemadrid"]
[Black "BergenChessAcademy"]
[Result "1-0"]
[WhiteElo "2295"]
[BlackElo "2210"]
[TimeControl "180+2"]
[EndTime "13:52:27 PDT"]
[Termination "colegiodemadrid won by resignation"]

1. e4 c6 2. d4 d5 3. e5 Bf5 4. h4 h5 5. Bd3 Bxd3 6. Qxd3 Qa5+ 7. Nc3 Qa6 8. e6 Qxd3 9. exf7+ Kxf7 10. cxd3 Nh6 11.
Nf3 Nd7 12. Ng5+ Kg6 13. Ne2 Nf5 14. Be3 e5 15. dxe5 Nxe5 16. Nf4+ Kf6 17. O-O-O Ng4 18. Rde1 Bd6 19. Bd2 Rae8 20. Nxh5+ Kg6 21. Nf4+ Bxf4 22.
Bxf4 Rxe1+ 23. Rxe1 Nxf2 24. Re6+ Kh5 25. Kd2 Kxh4 26.
Nf3+ Kg4 27. Be5 Rh1 28. Rg6+ Kh5 29. Rg5+ Kh6 30. Rxf5 Ng4 31. Bf4+ Kh7 32. Rf7 Nf6 33. Be5 Kg6 34. Rxb7 Rb1 35. Kc2 Rf1 36. Rxa7 Ng4 37. Rxg7+ Kf5 38. Rg5+ Ke6 39. Rxg4 1-0

[Event "*** Titled Tuesday Blitz"]
[Site "Chess.com"]
[Date "2018.05.01"]
[Round "4"]
[White "lucasmito"]
[Black "Andnar"]
[Result "1-0"]
[WhiteElo "2345"]
[BlackElo "2380"]
[TimeControl "180+2"]
[EndTime "13:52:28 PDT"]
[Termination "lucasmito won by resignation"]

1. e4 c5 2. Nf3 g6 3. d4 cxd4 4.
Nxd4 Bg7 5. Nc3 Nc6 6. Be3 Nf6 7.
Bc4 Qa5 8. O-O O-O 9. Bb3 d6 10. f3 Bd7 11. Qd2 Rac8 12. Rad1 Ne5 13. Nd5 Qd8 14.
Rfe1 a5 15. a4 Nc4 16. Bxc4 Rxc4 17. b3 Rc8 18. Nb5 Bxb5 19. axb5 Nxd5 20. exd5 Bc3 21. Qd3 Bxe1 22. Rxe1 Qc7 23. c4 b6 24. Qd4 a4 25.
Bh6 Qc5 26. Qxc5 Rxc5 27. Bxf8 Kxf8 28. bxa4 Rxc4 29. Re4 Rc5 30. Rd4 Ke8 31. Kf2 Kd7 32. Ke3 e5 33. dxe6+ fxe6 34. Rh4 h5 35. g4 Rc4 36.
Rh3 hxg4 37. Rh7+ Kc8 38. Rh8+ Kb7 39. Rh7+ Kc8 40. Rh8+ Kd7 41. Rh7+ Kd8 42. Rh8+ Ke7 43. fxg4 Rxg4 44. Rh7+ Kf6 45. Ra7 Rb4 46. Kd3 d5 47.
Kc3 Rb1 48. Rb7 Ra1 49. Kb3 d4 50. Rxb6 Ke5 51. Rb8 d3 52. Rd8 Ke4 53. Kb4 Ke3 54.
b6 d2 55. a5 Rb1+ 56. Kc5 Rc1+ 57. Kb5 Rc8 58. Rxd2 Kxd2 59. b7 Rc1 60. a6 e5 61. a7 e4 62. b8=Q e3 63. Qd6+ Ke1 64. a8=Q e2 65. Qa5+ Kf1 66. Qf4+ 1-0

[Event "*** Titled Tuesday Blitz"]
[Site "Chess.com"]
[Date "2018.05.01"]
[Round "4"]
[White "FLchessplayer"]
[Black "nau64"]
[Result "0-1"]
[WhiteElo "2025"]
[BlackElo "2140"]
[TimeControl "180+2"]
[EndTime "13:52:33 PDT"]
[Termination "nau64 won by resignation"]

1. e4 c5 2. Nf3 Nc6 3. d4 cxd4 4.
Nxd4 Qb6 5. Nb3 Nf6 6. Be3 Qb4+ 7.
N1d2 Nxe4 8. a3 Qa4 9. Bd3 Nxd2 10. Qxd2 e6 11. O-O d6 12. Qe2 a6 13. f4 Be7 14.
f5 exf5 15. Bxf5 Bxf5 16. Rxf5 O-O 17. Raf1 Qe4 18. R1f4 Qe6 19. Qf2 Rae8 20. Bb6 g6 21.
Qg3 Bd8 22. Bxd8 Rxd8 23. Rf6 Qe5 24. c3 Rde8 25. h3 Re6 26. Rxe6 fxe6 27. Rxf8+ Kxf8 28. Qf3+ Kg7 29. Kf1 Qf5 30. Ke2 Qxf3+ 31. Kxf3 Kf6 32. Ke4 d5+ 33. Kd3 b6 34. a4 e5 35. Ke3 h5 36.
Kf3 Kf5 37. g4+ hxg4+ 38. hxg4+ Kg5 39. Kg3 e4 40. Nd2 Ne5 41. Nf1 Nxg4 42. a5 bxa5 43.
Nd2 Ne5 44. Nb3 Nc4 45. Nxa5 Nxa5 0-1

[Event "*** Titled Tuesday Blitz"]
[Site "Chess.com"]
[Date "2018.05.01"]
[Round "4"]
[White "Vamostodorecto"]
[Black "Kirill_Klukin"]
[Result "1-0"]
[WhiteElo "2391"]
[BlackElo "2493"]
[TimeControl "180+2"]
[EndTime "13:52:38 PDT"]
[Termination "Vamostodorecto won by resignation"]

1. d4 Nf6 2. c4 e6 3. Nc3 a6 4. e4 Bb4 5. e5 Ne4 6. Qc2 Nxc3 7.
bxc3 Be7 8. Bd3 d5 9. cxd5 exd5 10. Ne2 h6 11. O-O c5 12. Ng3 Nc6 13. Be3 cxd4 14.
cxd4 Nb4 15. Qe2 Nxd3 16. Qxd3 O-O 17. Nf5 Bxf5 18. Qxf5 Qc8 19. Qh5 Qe6 20. f4 f5 21.
Rab1 b5 22. Rf3 b4 23. Rg3 Kh7 24. Qf3 a5 25. Bd2 Rab8 26. Qd3 Rfc8 27. Rf3 Kg8 28. h3 Rc4 29. g4 fxg4 30. f5 Qb6 31. Rf4 h5 32. f6 Bf8 33. Qg6 Rc7 34. e6 Qxe6 35.
f7+ Qxf7 36. Rxf7 Rxf7 37. hxg4 hxg4 38. Qe6 Rd8 39. Rf1 Rd7 40. Rxf7 Rxf7 41. Qxd5 g3 42. Kg2 Be7 43. Kxg3 Bf6 44. Bf4 Kf8 45. Bd6+ Ke8 46.
Qe6+ 1-0

[Event "*** Titled Tuesday Blitz"]
[Site "Chess.com"]
[Date "2018.05.01"]
[Round "4"]
[White "Grootneus"]
[Black "dmosesov"]
[Result "1-0"]
[WhiteElo "2141"]
[BlackElo "2181"]
[TimeControl "180+2"]
[EndTime "13:52:41 PDT"]
[Termination "Grootneus won by resignation"]

1. e4 c5 2. c3 d5 3. exd5 Qxd5 4.
d4 g6 5. Nf3 Bg7 6. Na3 cxd4 7.
Bc4 Qe4+ 8. Be3 Nh6 9. cxd4 O-O 10. O-O Bg4 11. Be2 Nc6 12. h3 Bc8 13. Nb5 Nf5 14.
Bd3 Nxe3 15. Bxe4 Nxd1 16. Rfxd1 Bd7 17. Rac1 Rfc8 18. b3 a6 19. Na3 b5 20. d5 Nb4 21. d6 Rxc1 22. Rxc1 Re8 23. Rc7 exd6 24. Rxd7 Rxe4 25. Rxd6 Bf8 26. Rd2 Bc5 27. Nb1 h6 28. Nc3 Re6 29. a3 Nc6 30. b4 Be7 31. Nd5 Kg7 32.
Nc7 Rf6 33. Nxa6 Nd8 34. Nc7 Rb6 35. Nd5 Re6 36. Nxe7 Rxe7 37. Rxd8 Ra7 38. Rd3 g5 39. Nd4 Kf6 40. Nxb5 1-0

[Event "*** Titled Tuesday Blitz"]
[Site "Chess.com"]
[Date "2018.05.01"]
[Round "4"]
[White "Cryptochess"]
[Black "cukus"]
[Result "0-1"]
[WhiteElo "2402"]
[BlackElo "2419"]
[TimeControl "180+2"]
[EndTime "13:52:41 PDT"]
[Termination "cukus won by resignation"]

1. e4 g6 2. d4 Bg7 3. Nc3 d5 4. exd5 Nf6 5. Bb5+ Nbd7 6. Nf3 O-O 7. O-O Nb6 8. Ne5 Nbxd5 9. Nxd5 Nxd5 10. Re1 Bf5 11.
c4 Nf6 12. Bg5 h6 13. Bh4 g5 14. Bg3 e6 15. Ba4 Ne4 16. Bc2 Nxg3 17. hxg3 Bxc2 18. Qxc2 Qxd4 19. Rad1 Bxe5 20. Rxd4 Bxd4 21. Qe4 c5 22. b4 b6 23. Kf1 Rad8 24. Rd1 e5 25. g4 cxb4 26. Ke2 Rd6 27. f4 gxf4 28. g5 hxg5 29. Rh1 Rg6 30. Qf5 Kg7 31. Rh5 g4 32. Rh4 f3+ 33. gxf3 g3 34. Rxd4 exd4 35. Qe5+ f6 36. Qxd4 g2 37. Qg1 Rh8 38. Qd1 Re8+ 39. Kf2 g1=Q+ 0-1

[Event "*** Titled Tuesday Blitz"]
[Site "Chess.com"]
[Date "2018.05.01"]
[Round "4"]
[White "matiss90"]
[Black "FMJoseHerrera"]
[Result "0-1"]
[WhiteElo "2324"]
[BlackElo "2414"]
[TimeControl "180+2"]
[EndTime "13:52:42 PDT"]
[Termination "FMJoseHerrera won by resignation"]

1. e4 c5 2. Nf3 e6 3. d4 cxd4 4. Nxd4 a6 5. Nc3 Qc7 6. Bd3 Nf6 7. f4 h5 8. e5 Ng4 9. h3 Bc5 10. hxg4 Bxd4 11. gxh5 Bxc3+ 12. bxc3 b5 13. Bd2 Bb7 14. Qg4 Nc6 15. a4 Ne7 16. axb5 axb5 17. Rxa8+ Bxa8 18. Qxg7 Rg8 19. h6 Rxg7 20. hxg7 d5 21. Bxb5+ Bc6 22. Bd3 Kd7 23. Rh8 Qb6 24. Kf1 d4 25. c4 Qb1+ 26.
Kf2 Qb7 27. Ba5 Bxg2 28. Rd8+ Kc6 29. Kxg2 Kc5+ 30. Kf2 Qh1 31. Rc8+ Nxc8 32. g8=Q Qh2+ 33. Qg2 Qxf4+ 34. Qf3 Qh2+ 35. Ke1 Qxe5+ 36. Kd1 Nd6 37.
Qa8 Qh5+ 38. Kc1 Qh1+ 39. Kb2 Qxa8 40. Bd2 Nxc4+ 41. Bxc4 Kxc4 0-1

[Event "*** Titled Tuesday Blitz"]
[Site "Chess.com"]
[Date "2018.05.01"]
[Round "4"]
[White "PchelkinVK"]
[Black "nubair1198"]
[Result "0-1"]
[WhiteElo "2426"]
[BlackElo "2534"]
[TimeControl "180+2"]
[EndTime "13:52:46 PDT"]
[Termination "nubair1198 won by resignation"]

1. d4 Nf6 2. Nc3 d5 3. Bf4 g6 4. Qd2 Bg7 5. O-O-O O-O 6. Bh6 c5 7. Bxg7 Kxg7 8. dxc5 Qa5 9. a3 Rd8 10. e4 d4 11. e5 Ng4 12. Nf3 Nc6 13. Nb5 d3 14. Bxd3 Rxd3 15. Qxd3 Nxf2 16. Qe2 Nxh1 17. Rxh1 Bg4 18.
Rd1 Rc8 19. h3 Bxf3 20. gxf3 a6 21. Nc3 Qxc5 22. f4 b5 23. Nd5 Nd4 24. Qe4 Nxc2 25. Kb1 e6 26. Nf6 Qe3 27. Qxe3 Nxe3 28. Rd7 Rc4 29.
Ra7 Rxf4 30. Ne8+ Kf8 31. Nd6 Nc4 32. Rxa6 Nxe5 33. Nxb5 g5 34. Rb6 h5 35. Nc3 g4 36.
hxg4 hxg4 37. a4 g3 38. Ne2 g2 39. Ka2 Rxa4+ 40. Kb3 Re4 41. Ng1 Re1 42. Nh3 Re3+ 0-1

[Event "*** Titled Tuesday Blitz"]
[Site "Chess.com"]
[Date "2018.05.01"]
[Round "4"]
[White "toad"]
[Black "Arystanner23"]
[Result "0-1"]
[WhiteElo "2201"]
[BlackElo "2399"]
[TimeControl "180+2"]
[EndTime "13:52:47 PDT"]
[Termination "Arystanner23 won by checkmate"]

1. d4 Nf6 2. c4 e6 3. g3 d5 4. Nf3 dxc4 5. Bg2 Bd7 6. Ne5 Bc6 7. Nxc6 Nxc6 8. O-O Qd7 9. Na3 O-O-O 10. e3 e5 11. Qa4 exd4 12. Bxc6 Qxc6 13. Qxc6 bxc6 14. Nxc4 d3 15. Bd2 Ne4 16. Rfd1 Nxd2 17. Rxd2 Bb4 18. Rdd1 Rhe8 19. a3 Be7 20. Rd2 Rd5 21. Rad1 Red8 22.
b4 Bf6 23. Na5 c5 24. Rc1 cxb4 25. axb4 R8d6 26. Nb3 Rb5 27. Rc4 Rdb6 28. Nd4 Rxb4 29. Rxb4 Rxb4 30. Rxd3 c5 31. Nf5 c4 32. Rd5 c3 33. Rc5+ Kb7 34. Nd4 Bxd4 35. exd4 Rb3 36. d5 a5 37. d6 Rb1+ 38. Kg2 Rd1 39. Rxc3 Rxd6 40. h4 Kb6 41. h5 Kb5 42. g4 Kb4 43.
Rc8 a4 44. Ra8 a3 45. Kg3 Kb3 46. f4 a2 47. Kh4 Kb2 48. Rb8+ Kc2 49. Ra8 Kb1 50.
Rb8+ Kc1 51. Ra8 Rd2 52. h6 gxh6 53. f5 Kb1 54. Rb8+ Rb2 55. Ra8 a1=Q 56. Rxa1+ Kxa1 57. f6 Rb6 58. g5 hxg5+ 59. Kg4 Rxf6 60. Kh5 Rg6 61. Kg4 h5+ 62. Kxh5 g4 63. Kh4 g3 64. Kh3 g2 65. Kh4 g1=Q 66. Kh5 Qh1# 0-1

[Event "*** Titled Tuesday Blitz"]
[Site "Chess.com"]
[Date "2018.05.01"]
[Round "4"]
[White "maciek_92"]
[Black "Oleksandr_Bortnyk"]
[Result "0-1"]
[WhiteElo "2592"]
[BlackElo "2785"]
[TimeControl "180+2"]
[EndTime "13:52:56 PDT"]
[Termination "Oleksandr_Bortnyk won on time"]

1. c4 Nf6 2. Nc3 b6 3. d4 Bb7 4. f3 d5 5. cxd5 Nxd5 6. e4 Nxc3 7. bxc3 e5 8. Bc4 exd4 9. Ne2 d3 10. Nf4 Bd6 11.
O-O O-O 12. Nxd3 Nd7 13. Bb3 Ba6 14. c4 Ne5 15. Nxe5 Bxe5 16. Rb1 Qd4+ 17. Qxd4 Bxd4+ 18. Kh1 c5 19. g4 Rad8 20. Bf4 Rfe8 21. Rbd1 f6 22. Kg2 Kf7 23. h4 g6 24. Rfe1 Bc3 25.
Rh1 Bd4 26. h5 g5 27. Bc1 h6 28. Rd3 Rd6 29. Rhd1 Red8 30. Bd2 Ke7 31. Be1 R6d7 32. Bg3 b5 33. cxb5 Bxb5 34. R3d2 c4 35. Bc2 c3 36.
Rxd4 Rxd4 37. Rb1 Rd2+ 38. Kh3 a6 39. Rc1 Re2 40. Bb3 Rd3 41. a4 Rb2 0-1

[Event "*** Titled Tuesday Blitz"]
[Site "Chess.com"]
[Date "2018.05.01"]
[Round "4"]
[White "Anar_Aliakbarov"]
[Black "Albertu"]
[Result "0-1"]
[WhiteElo "2392"]
[BlackElo "2309"]
[TimeControl "180+2"]
[EndTime "13:52:57 PDT"]
[Termination "Albertu won by checkmate"]

1. d4 Nf6 2. c4 c5 3. d5 b5 4.
cxb5 a6 5. Nc3 axb5 6. e4 b4 7. Nb5 d6 8. Bc4 Nxe4 9. Qe2 Nf6 10. Bf4 Ra6 11. Nxd6+ Rxd6 12. Bb5+ Rd7 13. Bxb8 g6 14. d6 Bb7 15. Bc7 Qa8 16. Nf3 e6 17. Ne5 Bxg2 18.
Rg1 Bd5 19. a4 Bh6 20. a5 Bf4 21. a6 Bxh2 22. Nxd7 Nxd7 23. Bxd7+ Kxd7 24. Rg5 Bf4 25. Rg4 g5 26. a7 h5 27. Rg1 h4 28. Qd3 h3 29. Ke2 h2 30. Rgf1 h1=Q 31. Rxh1 Rxh1 32. Rxh1 Bxh1 33. Qb5+ Bc6 34. Qxc5 Qb7 35. Bb6 Bxd6 36. Qd4 e5 37. Qg4+ Ke8 38. Be3 Qb5+ 39. Ke1 Qd5 40. Qc8+ Ke7 41. Bxg5+ f6 42. Be3 b3 43. Bb6 Bb4+ 44.
Ke2 Bb5+ 45. Ke3 Qd3# 0-1

[Event "*** Titled Tuesday Blitz"]
[Site "Chess.com"]
[Date "2018.05.01"]
[Round "4"]
[White "ilmago"]
[Black "el-reptiliano"]
[Result "1/2-1/2"]
[WhiteElo "1931"]
[BlackElo "1637"]
[TimeControl "180+2"]
[EndTime "13:53:09 PDT"]
[Termination "Game drawn - insufficient material"]

1. e4 c5 2. Nf3 d6 3. d4 cxd4 4. Nxd4 Nf6 5. Nc3 Nc6 6. Bg5 e6 7. Qd2 Be7 8. O-O-O Nxd4 9. Qxd4 O-O 10. Bxf6 Bxf6 11.
Qxd6 Qa5 12. Rd3 Rd8 13. Qg3 Rxd3 14. Qxd3 a6 15. a3 b5 16. f4 Bb7 17. e5 Rd8 18. Qe3 Be7 19. Bd3 g6 20. h4 Bxa3 21. Nb1 Bb4 22.
h5 g5 23. fxg5 Qc7 24. g6 h6 25. Qxh6 f5 26. exf6 Rd7 27. f7+ Rxf7 28. gxf7+ Qxf7 29. Qg6+ Qxg6 30. hxg6 Bxg2 31. Rg1 Bd5 32. c3 Bc5 33. Nd2 Bxg1 34. c4 Bc6 35. Nb3 Kg7 36. cxb5 axb5 37.
Na5 Bd7 38. Nb7 e5 39. Nd6 Bc5 40. Ne4 Be7 41. Nc3 Be8 42. Kc2 b4 43. Nd5 Bd6 44. Kb3 Bxg6 45. Bxg6 Kxg6 46. Nxb4 Bxb4 47. Kxb4 Kf5 48. Kc3 Ke4 49. Kd2 Kd4 50. Ke2 e4 51. b4 Kc4 52. Ke3 Kb5 53. Kxe4 Kxb4 1/2-1/2

[Event "*** Titled Tuesday Blitz"]
[Site "Chess.com"]
[Date "2018.05.01"]
[Round "4"]
[White "Abrito99"]
[Black "dretch"]
[Result "0-1"]
[WhiteElo "2505"]
[BlackElo "2685"]
[TimeControl "180+2"]
[EndTime "13:53:18 PDT"]
[Termination "dretch won by checkmate"]

1. e4 e6 2. Nc3 d5 3. Nf3 Nf6 4. e5 Nfd7 5. d4 c5 6. dxc5 Nc6 7. Bf4 Bxc5 8. Bd3 f6 9. exf6 Nxf6 10. Qe2 O-O 11.
O-O-O Nh5 12. Bg3 Nf4 13. Qd2 Nxd3+ 14. Qxd3 a6 15. Rhe1 Qf6 16. Nxd5 exd5 17. Qxd5+ Qf7 18. Qxc5 Qxa2 19. Qd5+ Qxd5 20. Rxd5 Bf5 21. Bd6 Rad8 22. Rd2 Rfe8 23. Bc5 Rxe1+ 24. Nxe1 Rc8 25. Bb6 Kf7 26. b3 Nb4 27. Kb2 h6 28. h3 Re8 29. Be3 Rc8 30.
c3 Nc6 31. Nf3 Ke8 32. Bc5 Kf7 33. g4 Be6 34. Be3 Rf8 35. Bc5 Rc8 36. Be3 Re8 37.
c4 Rc8 38. Kc3 b5 39. c5 b4+ 40. Kb2 a5 41. Rd6 Ke7 42. g5 a4 43. bxa4 Na5 44.
Ra6 Nc4+ 45. Kb1 Bf5+ 46. Ka1 b3 47. Bd4 Rd8 48. gxh6 Rxd4 49. Rd6 b2+ 50. Ka2 b1=Q# 0-1